 Dungeon Crawl Stone Soup version 0.26.1-11-gd32895ea62 (webtiles) character file.

Game seed: 113658855602739241

778 robloxmaster the Skirmisher (level 7, -4/63 HPs)
             Began as a Hill Orc Fighter on May 20, 2021.
             Hit by a boomerang thrown by an orc warrior (10 damage)
             ... on level 5 of the Dungeon.
             The game lasted 00:04:06 (4995 turns).

robloxmaster the Skirmisher (Hill Orc Fighter)      Turns: 4995, Time: 00:04:07

Health: -4/63      AC: 11    Str: 21    XL:     7   Next: 85%
Magic:  7/7        EV:  7    Int:  8    God:
Gold:   261        SH: 10    Dex: 10    Spells: 6/6 levels left

rFire    . . .     SeeInvis .   a - +1 war axe
rCold    . . .     Faith    .   c - +0 kite shield
rNeg     . . .     Spirit   .   b - +0 scale mail
rPois    .         Reflect  .   (no helmet)
rElec    .         Harm     .   r - +0 cloak
rCorr    .         Rampage  .   p - +0 pair of gloves
Will     .....                  q - +0 pair of boots
Stlth    ..........             (no amulet)
HPRegen  0.20/turn              (no ring)
MPRegen  0.10/turn              (no ring)

@: flying, slowed, very slow
A: no striking features
a: no special abilities


You were on level 5 of the Dungeon.
You visited 1 branch of the dungeon, and saw 6 of its levels.

You collected 261 gold pieces.

Inventory:

Hand Weapons
 a - a +1 war axe (weapon)
Armour
 b - a +0 scale mail (worn)
 c - a +0 kite shield (worn)
 p - a +0 pair of gloves (worn)
 q - a +0 pair of boots (worn)
 r - a +0 cloak (worn)
Jewellery
 d - a +4 ring of protection
 x - an uncursed ring of willpower {unknown}
Wands
 A - a wand of random effects (8)
Scrolls
 e - 6 scrolls of identify {unknown}
 g - a scroll of immolation {unknown}
 h - a scroll of enchant weapon
 j - 3 scrolls of teleportation {unknown}
 k - 4 scrolls of remove curse {unknown}
 n - 2 scrolls of enchant armour {unknown}
 u - a scroll of blinking {unknown}
 v - a scroll of amnesia {unknown}
 y - a scroll of noise {unknown}
Potions
 f - a potion of heal wounds {unknown}
 i - a potion of lignification {unknown}
 l - 3 potions of curing {unknown}
 m - 5 potions of flight
 o - 2 potions of haste {unknown}
 s - a potion of attraction {unknown}
 t - a potion of ambrosia {unknown}
 w - 2 potions of berserk rage {unknown}
 z - a potion of degeneration {unknown}


   Skills:
 + Level 6.2 Fighting
 + Level 6.0 Axes
 + Level 5.6 Armour
 + Level 5.6 Shields


You had 6 spell levels left.
You didn't know any spells.
Your spell library was empty.

Dungeon Overview and Level Annotations

Branches:
Dungeon (6/15)
 Temple: D:4-7

Altars:
Cheibriados
Fedhas
Vehumet


Message History

You hit the orc warrior.
You feel sick. You block the orc warrior's attack. The adder barely misses you.
The orc warrior barely misses you. The adder barely misses you.
You hit the adder.
You kill the adder!
You hit the orc warrior.
The orc warrior hits you with a +0 war axe.
* * * LOW HITPOINT WARNING * * *
The orc warrior hits you with a +0 war axe!
* * * LOW HITPOINT WARNING * * *
It was a potion of flight.
You feel very buoyant.
You fly up into the air.
You feel sick.
You are no longer poisoned.
You block the orc warrior's attack.
Press: ? - help, v - describe, . - travel
Here: an orc warrior, wielding a +0 war axe, wearing a +0 chain mail and quivering 6 boomerangs (moderately wounded)
The floor.
The orc warrior throws a boomerang.
The boomerang hits you!
You die...

########.....#
##...##
############.##
#.<..........#######
#.#######......#...##
###.###
#..........>..#
#.....#
#.....o.รท.....#
#.....#
#......>).....#
#.....#
###[...@.#...##
#.....# #.....###.##
#.....# #####.# #.#
#####.# #.# #.# #.#
##.# #.# #.# #..# #.#
#.# #.## #.# #.# #.#
#.# #.# #.# #.#


You could see an orc warrior.

Vanquished Creatures
  2 ogres
  Blork the orc (D:4)
  A bullfrog (D:6)
  A scorpion (D:4)
  A centaur zombie (D:5)
  2 hounds (D:4)
  An orc priest (D:5)
  An orc wizard (D:5)
  3 worker ants
  A howler monkey skeleton (D:5)
  10 adders
  3 oozes
  4 worms
  3 dart slugs
  4 leopard geckos
  6 orcs
  3 ball pythons
  7 giant cockroaches
  5 hobgoblins
  6 jackals (D:3)
  3 quokkas
  3 bats
  3 frilled lizards
  8 kobolds
  A leopard gecko skeleton (D:4)
  10 rats
93 creatures vanquished.

Notes
Turn   | Place    | Note
-------+----------+-------------------------------------------
     0 | D:1      | robloxmaster the Hill Orc Fighter began the quest for the
                  | Orb.
     0 | D:1      | Reached XP level 1. HP: 19/19 MP: 1/1
   227 | D:1      | Reached XP level 2. HP: 19/27 MP: 2/2
  1146 | D:2      | Reached XP level 3. HP: 27/33 MP: 3/3
  1340 | D:2      | Reached XP level 4. HP: 33/40 MP: 4/4
  1883 | D:3      | Found a radiant altar of Vehumet.
  1931 | D:3      | Reached XP level 5. HP: 30/47 MP: 5/5
  2340 | D:3      | Found a blossoming altar of Fedhas.
  2395 | D:3      | Noticed an ogre
  2403 | D:3      | Killed an ogre
  2404 | D:3      | Reached skill level 5 in Fighting
  2404 | D:3      | Reached XP level 6. HP: 54/56 MP: 6/6
  2546 | D:4      | Found a snail-covered altar of Cheibriados.
  2744 | D:4      | Noticed Blork the orc
  2767 | D:4      | Killed Blork the orc
  2768 | D:4      | Reached skill level 5 in Axes
  3015 | D:4      | Reached skill level 5 in Armour
  3015 | D:4      | Reached skill level 5 in Shields
  3413 | D:4      | Reached XP level 7. HP: 56/61 MP: 7/7
  3775 | D:5      | Entered Level 5 of the Dungeon
  4995 | D:5      | Hit by a boomerang thrown by an orc warrior

Illustrated notes

Levels and vault maps discovered:
D:1:      dpeg_arrival_leaves_temple_mockup, layout_basic
D:2:      layout_basic
D:3:      layout_rooms, lemuel_round_altar, roderic_cross_of_infinity,
          glass_columns_b, grunt_ministairs_13, fedhas_altar_2
D:4:      layout_basic, old_standard_altar, uniq_blork_the_orc
D:5:      layout_loops_ring
D:6:      layout_loops_ring, okawaru_metal_pillars_1_2,
          minmay_temple_entry_overgrown

Skill      XL: |  1  2  3  4  5  6  7 |
---------------+----------------------+-----
Axes           | 3 4 5 6 |  6.0
Fighting       | 4 5 6 |  6.2
Armour         | 4 5 |  5.6
Shields        | 4 5 |  5.6

Action                   |  1- 3 |  4- 6 |  7- 9 || total
-------------------------+-------+-------+-------++-------
Melee: War axe           |    87 |   157 |    70 ||   314
  Use: Potion            |       |       |     2 ||     2
       Scroll            |       |       |     1 ||     1
Armor: Scale mail        |    39 |    54 |    35 ||   128
Dodge: Dodged            |    32 |    56 |    25 ||   113
Block: Kite shield       |    49 |    73 |    39 ||   161
